 Dungeon Crawl Stone Soup version 0.26-a0-683-g5206c1d7ac (webtiles) character file.

Game seed: 3164643407038820233

8458 DogServant the Prestidigitator (level 11, 0/104 HPs)
             Began as a Deep Dwarf Fighter on Oct 22, 2020.
             Was an Elder of Elyvilon.
             Slain by a wolf spider simulacrum (22 damage)
             ... on level 11 of the Dungeon.
             The game lasted 00:15:09 (7328 turns).

DogServant the Prestidigitator (Deep Dwarf Fighter) Turns: 7328, Time: 00:15:09

Health: 0/104      AC: 22    Str: 22    XL:     11   Next: 10%
Magic:  14/14      EV:  7    Int: 16    God:    Elyvilon [****..]
Gold:   459        SH: 10    Dex: 12    Spells: 10/10 levels left

rFire    . . .     SeeInvis +   K - +2 morningstar
rCold    . . .     Faith    .   c - +0 kite shield
rNeg     + + .     Spirit   .   f - +9 chain mail of a sewer {*Corrode +Inv Int+6 Slay+5}
rPois    +         Reflect  .   (helmet restricted)
rElec    +         Harm     .   (no cloak)
rCorr    .         Rampage  .   A - +0 pair of gloves
MR       +....                  s - +0 pair of boots
Stlth    ..........             (no amulet)
HPRegen  0.00/turn              g - ring of positive energy
MPRegen  0.14/turn              y - ring of Leaves {*Drain rElec rPois rN+ SInv}

@: non-regenerating, studying Evocations
A: damage resistance, heal wounds, antennae 1, sense surroundings 2, evolution
1, no regeneration
a: Heal Wounds, Lesser Healing, Heal Other, Purification, Greater Healing,
Divine Protection, Renounce Religion, Evoke Invisibility


You were on level 11 of the Dungeon.
You worshipped Elyvilon.
Elyvilon was greatly pleased with you.
You visited 1 branch of the dungeon, and saw 11 of its levels.

You collected 459 gold pieces.

Inventory:

Hand Weapons
 C - a +2 war axe of electrocution
 K - a +2 morningstar (weapon)
Armour
 b - a +0 scale mail
 c - a +0 kite shield (worn)
 f - the +9 chain mail of a sewer (worn) {*Corrode +Inv Int+6 Slay+5}
   (You found it on level 4 of the Dungeon)

   It affects your intelligence (+6).
   It affects your accuracy and damage with ranged weapons and melee attacks
   (+5).
   It lets you turn invisible.
   It may corrode you when you take damage.
 n - a +0 plate armour
 s - a +0 pair of boots (worn)
 A - a +0 pair of gloves (worn)
 H - a +1 helmet
Jewellery
 a - an uncursed amulet of guardian spirit
 g - a ring of positive energy (left hand)
 q - an uncursed ring of stealth
 y - the ring of Leaves (right hand) {*Drain rElec rPois rN+ SInv}
   (You found it on level 5 of the Dungeon)

   [ring of positive energy]

   It insulates you from electricity.
   It protects you from poison.
   It protects you from negative energy.
   It lets you see invisible.
   It causes draining when unequipped.
 J - a +6 ring of strength {unknown}
 N - an uncursed ring of ice {unknown}
Wands
 z - a wand of flame (8)
 E - a wand of disintegration (9)
 L - a wand of polymorph (10)
Scrolls
 e - 2 scrolls of magic mapping
 j - 11 scrolls of teleportation
 v - a scroll of enchant armour {unknown}
 x - 5 scrolls of identify
 B - 7 scrolls of remove curse {unknown}
 D - 3 scrolls of enchant weapon {unknown}
 F - a scroll of fog {unknown}
 G - a scroll of brand weapon {unknown}
 I - a scroll of blinking {unknown}
 M - 3 scrolls of immolation {unknown}
Potions
 d - 4 potions of might
 h - 2 potions of mutation
 i - 3 potions of resistance
 k - 4 potions of curing {unknown}
 l - a potion of heal wounds {unknown}
 m - 2 potions of brilliance {unknown}
 o - 2 potions of cancellation {unknown}
 p - 2 potions of haste {unknown}
 r - 2 potions of degeneration {unknown}
 t - a potion of ambrosia {unknown}
 w - a potion of berserk rage {unknown}
Books
 u - a manual of Evocations


   Skills:
 - Level 8.5 Fighting
 - Level 9.8(10.0) Axes
 + Level 2.3(6.1) Maces & Flails
 - Level 6.8 Armour
 + Level 2.5 Dodging
 + Level 4.3 Shields
 - Level 9.0 Invocations
 - Level 12.3 Evocations


You had 10 spell levels left.
You didn't know any spells.
Your spell library was empty.

Dungeon Overview and Level Annotations

Branches:
Dungeon (11/15)            Temple (0/1) D:4            Lair (0/6) D:9
    Orc: D:9-12

Altars:
Cheibriados
Elyvilon
Kikubaaqudgha
Nemelex Xobeh
Okawaru
Sif Muna
Trog
Wu Jian
Xom

Shops:
D:8 (   D:10 :

Annotations:
D:6 2 transporters, hemabe71's ghost, novice HuAr


Innate Abilities, Weirdness & Mutations

You are resistant to damage.
You can heal yourself by infusing magical energy.
You passively map the area around you.
You do not regenerate.
You have a pair of small antennae on your head.
You evolve.


Message History

You block the wolf spider simulacrum's attack. x2
You barely miss the wolf spider simulacrum.
The wolf spider simulacrum is lightly damaged.
The wolf spider simulacrum closely misses you.
You block the wolf spider simulacrum's attack.
You puncture the wolf spider simulacrum!
The wolf spider simulacrum is heavily damaged.
You block the wolf spider simulacrum's attack.
The wolf spider simulacrum barely misses you. x2
The wolf spider simulacrum completely misses you.
You puncture the wolf spider simulacrum!
The wolf spider simulacrum is almost destroyed.
The wolf spider simulacrum hits you!
The wolf spider simulacrum freezes you!!
* * * LOW HITPOINT WARNING * * *
The wolf spider simulacrum barely misses you.
The wolf spider simulacrum hits you.
* * * LOW HITPOINT WARNING * * *
The wolf spider simulacrum freezes you!!
You die...

**########################
, ......Z@................
* ,
*#.......####...#...##...
, ,* #.####..#
#...#...##.). , * #..#
#...#...##... , #..#
#...#...##... , , * #..#
#...#...##... , * *, #..#
#...#...##... * ,* #..#
#...#...##... , * *
#...#...##...


You could see a wolf spider simulacrum.

Vanquished Creatures
  A two-headed ogre (D:8)
  Joseph (D:8)
  Maggie (D:10)
  2 trolls
  Grinder (D:4)
  2 wyverns (D:9)
  4 yaks (D:9)
  A basilisk (D:9)
  2 water moccasins (D:9)
  An orc warrior (D:6)
  2 sky beasts
  2 ice beasts
  6 ogres
  A black bear (D:6)
  A phantom (D:6)
  4 centaurs
  A big kobold (D:10)
  5 bullfrogs
  A gnoll sergeant (D:9)
  7 scorpions
  6 killer bees (D:7)
  16 wights
  4 electric eels (D:10)
  4 howler monkeys
  3 crimson imps (D:3)
  2 centaur zombies
  2 bullfrog zombies
  A quasit (D:7)
  A jelly (D:9)
  10 hounds
  8 orc priests
  16 orc wizards
  A centaur skeleton (D:4)
  Terence (D:3)
  2 iguanas
  6 worker ants
  A killer bee zombie (D:9)
  A worker ant zombie (D:7)
  A howler monkey zombie (D:5)
  5 adders
  17 gnolls
  2 shadow imps
  2 white imps (D:7)
  An ufetubus (D:9)
  2 adder skeletons
  3 worms
  5 leopard geckos
  26 orcs
  3 giant cockroaches
  10 hobgoblins
  8 jackals
  9 kobolds
  5 quokkas
  A ball python (D:4)
  4 bats (D:1)
  2 frilled lizards
  5 goblins
  2 quokka skeletons (D:8)
  4 rats
248 creatures vanquished.

Vanquished Creatures (others)
  3 fungi (D:9)
  16 plants
19 creatures vanquished.

Grand Total: 267 creatures vanquished

Notes
Turn   | Place    | Note
-------+----------+-------------------------------------------
     0 | D:1      | DogServant the Deep Dwarf Fighter began the quest for the
                  | Orb.
     0 | D:1      | Reached XP level 1. HP: 20/20 MP: 1/1
    76 | D:1      | Reached XP level 2. HP: 21/27 MP: 2/2
   549 | D:1      | Reached XP level 3. HP: 22/34 MP: 3/3
  1319 | D:3      | Noticed Terence
  1338 | D:3      | Killed Terence
  1338 | D:3      | Reached XP level 4. HP: 17/42 MP: 4/4
  1712 | D:3      | Reached XP level 5. HP: 48/50 MP: 5/5
  1804 | D:3      | Found a sparkling altar of Nemelex Xobeh.
  1804 | D:3      | Found a snail-covered altar of Cheibriados.
  1804 | D:3      | Found a white marble altar of Elyvilon.
  2177 | D:3      | Found a shimmering altar of Xom.
  2305 | D:3      | Reached skill level 5 in Armour
  2305 | D:3      | Reached XP level 6. HP: 53/57 MP: 6/6
  2406 | D:3      | Became a worshipper of Elyvilon the Healer
  2445 | D:4      | Noticed Grinder
  2596 | D:4      | Got a fading chain mail
  2610 | D:4      | Identified the +9 chain mail of a sewer {*Corrode +Inv
                  | Int+6 Slay+5} (You found it on level 4 of the Dungeon)
  2638 | D:4      | Reached skill level 5 in Axes
  2663 | D:4      | Reached XP level 7. HP: 66/66 MP: 7/7
  2713 | D:4      | Found an iron altar of Okawaru.
  2783 | D:4      | Paralysed by Grinder for 6 turns
  2793 | D:4      | Killed Grinder
  2793 | D:4      | Reached skill level 5 in Fighting
  2830 | D:4      | Reached * piety under Elyvilon
  2850 | D:4      | Reached XP level 8. HP: 62/75 MP: 8/8
  2984 | D:4      | Found a staircase to the Ecumenical Temple.
  3091 | D:5      | Entered Level 5 of the Dungeon
  3189 | D:5      | Reached skill level 1 in Evocations
  3211 | D:5      | Reached skill level 1 in Invocations
  3323 | D:5      | Got a scorched turquoise ring
  3357 | D:5      | Reached skill level 2 in Evocations
  3516 | D:5      | Identified the ring of Leaves {*Drain rElec rPois rN+ SInv}
                  | (You found it on level 5 of the Dungeon)
  3799 | D:6      | Found a transporter.
  3799 | D:6      | Found a transporter.
  3799 | D:6      | Noticed hemabe71's ghost (novice HuAr)
  3815 | D:6      | Reached skill level 3 in Evocations
  3995 | D:6      | Reached skill level 4 in Evocations
  4086 | D:6      | Reached skill level 5 in Evocations
  4097 | D:6      | Reached ** piety under Elyvilon
  4156 | D:6      | Reached skill level 6 in Evocations
  4192 | D:6      | Found a bloodstained altar of Trog.
  4239 | D:6      | Gained mutation: You passively map the area around you.
                  | [Deep Dwarf growth]
  4239 | D:6      | Reached XP level 9. HP: 59/85 MP: 12/12
  4263 | D:6      | Found a shimmering blue altar of Sif Muna.
  4443 | D:6      | Reached skill level 7 in Evocations
  4551 | D:7      | Reached skill level 5 in Invocations
  4782 | D:7      | Reached skill level 8 in Evocations
  4784 | D:7      | Gained mutation: You evolve. [potion of mutation]
  4784 | D:7      | Gained mutation: You have a pair of small antennae on your
                  | head. [potion of mutation]
  5060 | D:7      | Found a sparkling altar of Nemelex Xobeh.
  5502 | D:8      | Found an ornate altar of the Wu Jian Council.
  5558 | D:8      | Reached skill level 9 in Evocations
  5612 | D:8      | Found Raingocs's Weapon Emporium.
  5635 | D:8      | Noticed Joseph
  5646 | D:8      | Killed Joseph
  5707 | D:8      | Reached XP level 10. HP: 64/94 MP: 14/14
  5748 | D:8      | Reached *** piety under Elyvilon
  5767 | D:8      | Reached skill level 10 in Evocations
  5782 | D:8      | Noticed a two-headed ogre
  5791 | D:8      | Killed a two-headed ogre
  6045 | D:9      | Reached skill level 11 in Evocations
  6297 | D:9      | Reached skill level 12 in Evocations
  6334 | D:9      | Found a staircase to the Lair.
  6522 | D:9      | You fall into a shaft and drop 1 floor!
  6522 | D:10     | Entered Level 10 of the Dungeon
  6710 | D:10     | Reached skill level 1 in Dodging
  6810 | D:10     | Reached skill level 1 in Maces & Flails
  6816 | D:10     | Noticed Maggie
  6837 | D:10     | Killed Maggie
  6837 | D:10     | Reached XP level 11. HP: 66/104 MP: 14/14
  6870 | D:10     | Found Lomn's Book Shop.
  6988 | D:10     | Found an ancient bone altar of Kikubaaqudgha.
  7052 | D:10     | Reached **** piety under Elyvilon
  7328 | D:11     | Slain by a wolf spider simulacrum

Illustrated notes

Levels and vault maps discovered:
D:1:      lemuel_arrival_behind_the_door_small, layout_basic
D:2:      layout_loops_ring
D:3:      layout_basic, gammafunk_temple_overflow_forgotten, led_xom_imps,
          uniq_terence
D:4:      layout_cave_pools, kennysheep_little_box, temple_hall,
          minmay_manual_mares, uniq_grinder
D:5:      layout_loops_cross
D:6:      kennysheep_orc_sif_temple, layout_basic, old_standard_altar,
          gammafunk_ghost_mausoleum
D:7:      layout_basic, nemelex_lonely_heart_becter
D:8:      layout_loops_ring, lemuel_coloured_pillars_altar, serial_shops,
          shop_statue, minmay_microvault, uniq_joseph
D:9:      minmay_bloctagon, layout_loops_ring, minmay_lair_entry_grove
D:10:     layout_rooms, serial_bayou, serial_bayou_shore_a,
          serial_bayou_lagoon_a, serial_bayou_ford_a, serial_bayou_lagoon_b,
          serial_shops, shop, basic_altar, hex_intersection, st_stairs_1,
          uniq_maggie
D:11:     layout_long_grid, uniq_gastronok

Skill      XL: |  1  2  3  4  5  6  7  8  9 10 11 |
---------------+----------------------------------+-----
Fighting       | 3 4 5 6 7 8 |  8.5
Axes           | 3 4 5 6 7 8 9 |  9.8
Armour         | 4 5 6 |  6.8
Evocations     | 6 9 12 | 12.3
Invocations    | 4 7 9 |  9.0
Dodging        | 1 2 |  2.5
Maces & Flails | 1 2 |  2.3
Shields        | 4 |  4.3

Action                   |  1- 3 |  4- 6 |  7- 9 | 10-12 || total
-------------------------+-------+-------+-------+-------++-------
Melee: War axe           |   109 |   126 |   278 |   126 ||   639
       Morningstar       |       |       |       |    89 ||    89
Throw: Boomerang         |       |       |     3 |       ||     3
       Throwing net      |       |       |     1 |       ||     1
 Abil: Heal Wounds       |       |     4 |     5 |     8 ||    17
Evoke: Wand              |       |       |       |     5 ||     5
  Use: Scroll            |       |     5 |       |       ||     5
       Potion            |       |       |     2 |       ||     2
Armor: Scale mail        |    62 |    44 |       |       ||   106
       Chain mail        |       |     5 |   166 |   124 ||   295
Dodge: Dodged            |    44 |    28 |    55 |    52 ||   179
Block: Kite shield       |    68 |    38 |   114 |   112 ||   332

Table legend: (Time is in decaauts)
 A = Elapsed time spent in this place.
 B = Non-inter-level travel time spent in this place.
 C = Inter-level travel time spent in this place.
 D = Time resting spent in this place.
 E = Time spent auto-exploring this place.
 F = Levels seen in this place.
 G = Mean time per level.
                   A        B        C        D        E       F      G
               +--------+--------+--------+--------+--------+-----+--------+
         Total |   7581 |   7223 |    358 |    494 |   5091 |  11 |  689.2 |
       Dungeon |   7581 |   7223 |    358 |    494 |   5091 |  11 |  689.2 |
               +--------+--------+--------+--------+--------+-----+--------+

Top non-repeatable levels by time:
     D:3: 1298 daAuts
     D:7: 904 daAuts
    D:10: 782 daAuts
     D:6: 741 daAuts
     D:5: 717 daAuts
     D:2: 683 daAuts
     D:1: 665 daAuts
     D:8: 646 daAuts
     D:4: 550 daAuts
     D:9: 498 daAuts
    D:11: 93 daAuts
